3L
LONE STAR BC @ OAKLAND OAKS
07/21/2019
 
TOP OF THE 1ST
Lone Star BC batting - Pitching for Oakland Oaks : RHP Dave Mitchell
Pitching: RHP Dave Mitchell
Batting: RHB Tanyu Kimura 0-0: Ball
1-0: Foul Ball, location: 2F
1-1: Ball
2-1: Ball
3-1: Fly out, F7 (Flyball, 7M)
Batting: SHB Leonard O'Connor 0-0: Foul Ball, location: 2F
0-1: Ball
1-1: Ball
2-1: Ball
3-1: Base on Balls
Batting: RHB Vicente Toro 0-0: Called Strike
0-1: Fly out, F8 (Flyball, 8LM)
Batting: SHB Virgil Eberle 0-0: Swinging Strike
0-1: Ground out 4-3 (Groundball, 4)
Top of the 1st over - 0 run(s), 0 hit(s), 0 error(s), 1 left on base; Lone Star 0 - Oakland 0
BOTTOM OF THE 1ST
Oakland Oaks batting - Pitching for Lone Star BC : RHP Marlon Miller
Pitching: RHP Marlon Miller
Batting: SHB Ramiro Salazar 0-0: Ball
1-0: Ball
2-0: Swinging Strike
2-1: Ball
3-1: Base on Balls
Batting: LHB Félix Pérez 0-0: Ball
1-0: Ball
2-0: Called Strike
2-1: Fly out, F8 (Flyball, 8RM)
Batting: RHB Alden Wiley 0-0: Swinging Strike
0-1: Called Strike
0-2: Ball
1-2: SINGLE (Line Drive, 6M)
Ramiro Salazar to second
Batting: RHB Aurelio Vázquez 0-0: Ball
1-0: Ball
2-0: Ball
3-0: Called Strike
3-1: Base on Balls
Ramiro Salazar to third
Alden Wiley to second
Batting: RHB Dave Henderson 0-0: Called Strike
0-1: Ball
1-1: Ball
2-1: Fly out, F8 (Popup, 4MD)
Batting: LHB Edwin Church 0-0: Called Strike
0-1: Ball
1-1: Ball
2-1: Swinging Strike
2-2: Ground out 1-3 (Groundball, 25)
Bottom of the 1st over - 0 run(s), 1 hit(s), 0 error(s), 3 left on base; Lone Star 0 - Oakland 0
TOP OF THE 2ND
Lone Star BC batting - Pitching for Oakland Oaks : RHP Dave Mitchell
Batting: RHB Soseki Matsunaga 0-0: Ball
1-0: Ball
2-0: Ball
3-0: Called Strike
3-1: Base on Balls
Batting: RHB Brian Williams 0-0: Foul Ball, location: 2F
0-1: Ball
1-1: Called Strike
1-2: Ball
2-2: Strikes out looking
Batting: LHB Gregory Johnson 0-0: Called Strike
0-1: Fielders Choice at 2nd, 1-6 (Groundball, 15)
Batting: RHB Marlon Miller 0-0: SINGLE (Line Drive, 56D)
Gregory Johnson to second
Batting: LHB Ray Merrill 0-0: Ball
1-0: Ball
2-0: Called Strike
2-1: Ball
3-1: Base on Balls
Gregory Johnson to third
Marlon Miller to second
Batting: RHB Tanyu Kimura 0-0: Ball
1-0: Foul Ball, location: 2F
1-1: Ball
2-1: Foul Ball, location: 2F
2-2: Foul Ball, location: 2F
2-2: Ball
3-2: Strikes out swinging
Top of the 2nd over - 0 run(s), 1 hit(s), 0 error(s), 3 left on base; Lone Star 0 - Oakland 0
BOTTOM OF THE 2ND
Oakland Oaks batting - Pitching for Lone Star BC : RHP Marlon Miller
Batting: SHB Eugene Parrish 0-0: Ball
1-0: Ground out 4-3 (Groundball, 34)
Batting: RHB Dave Mitchell 0-0: Foul Ball, location: 2F
0-1: Ball
1-1: Ball
2-1: Swinging Strike
2-2: Ball
3-2: Foul Ball, location: 2F
3-2: Foul Ball, location: 2F
3-2: Ground out 6-3 (Groundball, 6)
Batting: RHB Eric Murti 0-0: Ball
1-0: Called Strike
1-1: Ball
2-1: Foul Ball, location: 2F
2-2: Fly out, F8 (Flyball, 8LS)
Bottom of the 2nd over - 0 run(s), 0 hit(s), 0 error(s), 0 left on base; Lone Star 0 - Oakland 0
TOP OF THE 3RD
Lone Star BC batting - Pitching for Oakland Oaks : RHP Dave Mitchell
Batting: SHB Leonard O'Connor 0-0: Ball
1-0: Ball
2-0: Fly out, F9 (Flyball, 8RS)
Batting: RHB Vicente Toro 0-0: Called Strike
0-1: Ball
1-1: Ball
2-1: Fly out, F6 (Popup, 5D)
Batting: SHB Virgil Eberle 0-0: Fly out, F7 (Flyball, 7M)
Top of the 3rd over - 0 run(s), 0 hit(s), 0 error(s), 0 left on base; Lone Star 0 - Oakland 0
BOTTOM OF THE 3RD
Oakland Oaks batting - Pitching for Lone Star BC : RHP Marlon Miller
Batting: SHB Ramiro Salazar 0-0: Ground out 4-3 (Groundball, 4M)
Batting: LHB Félix Pérez 0-0: Ball
1-0: Called Strike
1-1: Ball
2-1: Ball
3-1: Foul Ball, location: 2F
3-2: Foul Ball, location: 2F
3-2: Base on Balls
Batting: RHB Alden Wiley 0-0: Ball
1-0: Ball
2-0: Called Strike
2-1: Ball
3-1: Base on Balls
Félix Pérez to second
Batting: RHB Aurelio Vázquez 0-0: Called Strike
0-1: Grounds into double play, 5-4-3 (Groundball, 5)
Bottom of the 3rd over - 0 run(s), 0 hit(s), 0 error(s), 1 left on base; Lone Star 0 - Oakland 0
TOP OF THE 4TH
Lone Star BC batting - Pitching for Oakland Oaks : RHP Dave Mitchell
Batting: RHB Soseki Matsunaga 0-0: Called Strike
0-1: SINGLE (Flyball, 4MD)
Batting: RHB Brian Williams 0-0: Ball
1-0: Ball
2-0: Ball
3-0: Called Strike
3-1: Swinging Strike
3-2: Foul Ball, location: 2F
3-2: Ground out 6-3 (Groundball, 6)
Soseki Matsunaga to second
Batting: LHB Gregory Johnson 0-0: Ball
1-0: SINGLE (Groundball, 4M)
Soseki Matsunaga to third
Runner from 3rd tries for Home, SAFE, no throw or cutoff
Batting: RHB Marlon Miller 0-0: Ball
Wild Pitch!
Gregory Johnson to second
1-0: Ball
2-0: Foul Ball, location: 2F
2-1: Foul Ball, location: 2F
2-2: Foul Ball, location: 2F
2-2: Ball
3-2: Fly out, F8 (Line Drive, 8RM)
Batting: LHB Ray Merrill 0-0: Called Strike
0-1: Ball
1-1: Ground out 1-3 (Groundball, 13)
Top of the 4th over - 1 run(s), 2 hit(s), 0 error(s), 1 left on base; Lone Star 1 - Oakland 0
BOTTOM OF THE 4TH
Oakland Oaks batting - Pitching for Lone Star BC : RHP Marlon Miller
Batting: RHB Dave Henderson 0-0: Ball
1-0: Swinging Strike
1-1: Fly out, F8 (Flyball, 8LS)
Batting: LHB Edwin Church 0-0: Swinging Strike
0-1: Ball
1-1: Ball
2-1: Foul Ball, location: 2F
2-2: Strikes out swinging
Batting: SHB Eugene Parrish 0-0: Ball
1-0: Called Strike
1-1: Ball
2-1: Called Strike
2-2: Strikes out swinging
Bottom of the 4th over - 0 run(s), 0 hit(s), 0 error(s), 0 left on base; Lone Star 1 - Oakland 0
TOP OF THE 5TH
Lone Star BC batting - Pitching for Oakland Oaks : RHP Dave Mitchell
Batting: RHB Tanyu Kimura 0-0: Called Strike
0-1: Foul Ball, location: 2F
0-2: Foul Ball, location: 2F
0-2: Strikes out swinging
Batting: SHB Leonard O'Connor 0-0: Ball
1-0: Ball
2-0: Ball
3-0: Base on Balls
Batting: RHB Vicente Toro 0-0: Ball
Leonard O'Connor is caught stealing 2nd base
1-0: Foul Ball, location: 2F
1-1: Swinging Strike
1-2: Ball
2-2: Foul Ball, location: 2F
2-2: Foul Ball, location: 2F
2-2: Strikes out looking
Top of the 5th over - 0 run(s), 0 hit(s), 0 error(s), 0 left on base; Lone Star 1 - Oakland 0
BOTTOM OF THE 5TH
Oakland Oaks batting - Pitching for Lone Star BC : RHP Marlon Miller
Batting: RHB Dave Mitchell 0-0: Called Strike
0-1: Called Strike
0-2: Foul Ball, location: 2F
0-2: Foul Ball, location: 2F
0-2: Strikes out swinging
Batting: RHB Eric Murti 0-0: Called Strike
0-1: Ball
1-1: Ground out 2-3 (Groundball, 23)
Batting: SHB Ramiro Salazar 0-0: Ball
1-0: Ball
2-0: Ball
3-0: Base on Balls
Batting: LHB Félix Pérez 0-0: Foul Ball, location: 2F
0-1: DOUBLE (Line Drive, 89D)
Ramiro Salazar to third
Runner from 3rd tries for Home, SAFE, no throw or cutoff
Batting: RHB Alden Wiley 0-0: Called Strike
0-1: Foul Ball, location: 2F
0-2: Ball
1-2: Ground out 6-3 (Groundball, 6)
Bottom of the 5th over - 1 run(s), 1 hit(s), 0 error(s), 1 left on base; Lone Star 1 - Oakland 1
TOP OF THE 6TH
Lone Star BC batting - Pitching for Oakland Oaks : RHP Dave Mitchell
Batting: SHB Virgil Eberle 0-0: Ball
1-0: Ball
2-0: Called Strike
2-1: SINGLE (Line Drive, 6D)
Batting: RHB Soseki Matsunaga 0-0: Ball
1-0: Ball
2-0: Called Strike
2-1: Called Strike
2-2: Strikes out swinging
Batting: RHB Brian Williams 0-0: Ball
Virgil Eberle steals 2nd base
1-0: Foul Ball, location: 2F
1-1: Called Strike
1-2: Strikes out looking
Batting: LHB Gregory Johnson 0-0: Intentional Walk
Pitching: RHP Sean Brown
Batting: RHB Marlon Miller 0-0: DOUBLE (Line Drive, 9LM)
Virgil Eberle scores
Gregory Johnson to third
Runner from 3rd tries for Home, SAFE, no throw or cutoff
Batting: LHB Ray Merrill 0-0: Called Strike
0-1: Called Strike
0-2: Foul Ball, location: 2F
0-2: SINGLE (Groundball, 4MD)
Marlon Miller to third
Runner from 3rd tries for Home, SAFE, no throw or cutoff
Batting: RHB Tanyu Kimura 0-0: Called Strike
Ray Merrill is caught stealing 2nd base
Top of the 6th over - 3 run(s), 3 hit(s), 0 error(s), 0 left on base; Lone Star 4 - Oakland 1
BOTTOM OF THE 6TH
Oakland Oaks batting - Pitching for Lone Star BC : RHP Marlon Miller
Batting: RHB Aurelio Vázquez 0-0: Ball
1-0: SINGLE (Line Drive, 78S)
Batting: RHB Dave Henderson 0-0: Called Strike
0-1: Ball
1-1: Ball
2-1: Called Strike
2-2: Ball
3-2: Base on Balls
Aurelio Vázquez to second
Batting: LHB Edwin Church 0-0: Grounds into double play, 4-6-3 (Groundball, 34)
Aurelio Vázquez to third
Batting: SHB Eugene Parrish 0-0: Called Strike
0-1: Ball
1-1: Ball
2-1: Ball
3-1: Called Strike
3-2: Foul Ball, location: 2F
3-2: Base on Balls
Pitching: RHP Dave Hindman
Pinch Hitting: LHB Johnny Hernández 0-0: Fly out, F8 (Flyball, 78M)
Bottom of the 6th over - 0 run(s), 1 hit(s), 0 error(s), 2 left on base; Lone Star 4 - Oakland 1
TOP OF THE 7TH
Lone Star BC batting - Pitching for Oakland Oaks : RHP Sean Brown
Pitching: LHP Jared Cox
Batting: RHB Tanyu Kimura 0-0: Called Strike
0-1: Ball
1-1: Foul Ball, location: 2F
1-2: Strikes out swinging
Batting: SHB Leonard O'Connor 0-0: Ball
1-0: Foul Ball, location: 2F
1-1: Ball
2-1: Foul Ball, location: 2F
2-2: Fly out, F3 (Popup, 3F)
Batting: RHB Vicente Toro 0-0: Swinging Strike
0-1: Ball
1-1: Called Strike
1-2: Strikes out looking
Top of the 7th over - 0 run(s), 0 hit(s), 0 error(s), 0 left on base; Lone Star 4 - Oakland 1
BOTTOM OF THE 7TH
Oakland Oaks batting - Pitching for Lone Star BC : RHP Dave Hindman
Batting: RHB Eric Murti 0-0: Ground out 5-3 (Groundball, 5)
Batting: SHB Ramiro Salazar 0-0: Ball
1-0: Ball
2-0: Called Strike
2-1: Foul Ball, location: 2F
2-2: Ball
3-2: Foul Ball, location: 2F
3-2: Base on Balls
Batting: LHB Félix Pérez 0-0: Ball
Throwing error on steal attempt, E2
Ramiro Salazar to third
1-0: 2-RUN HOME RUN (Flyball, 9D), Distance : 379 ft
Pitching: RHP Christian Patrick
Batting: RHB Alden Wiley 0-0: Swinging Strike
0-1: Foul Ball, location: 2F
0-2: Strikes out looking
Batting: RHB Aurelio Vázquez 0-0: Fly out, F8 (Flyball, 8LD)
Bottom of the 7th over - 2 run(s), 1 hit(s), 1 error(s), 0 left on base; Lone Star 4 - Oakland 3
TOP OF THE 8TH
Lone Star BC batting - Pitching for Oakland Oaks : LHP Jared Cox
Batting: SHB Virgil Eberle 0-0: Ground out 5-3 (Groundball, 56S)
Batting: RHB Soseki Matsunaga 0-0: Ball
1-0: Swinging Strike
1-1: Foul Ball, location: 2F
1-2: Foul Ball, location: 2F
1-2: Ball
2-2: Ball
3-2: Base on Balls
Batting: RHB Brian Williams 0-0: Ball
1-0: Ball
2-0: Called Strike
2-1: Swinging Strike
2-2: Ball
3-2: Strikes out looking
Pinch Hitting: RHB Nathan Clay 0-0: Ball
1-0: Ball
Soseki Matsunaga is caught stealing 2nd base
Top of the 8th over - 0 run(s), 0 hit(s), 0 error(s), 0 left on base; Lone Star 4 - Oakland 3
BOTTOM OF THE 8TH
Oakland Oaks batting - Pitching for Lone Star BC : RHP Christian Patrick
Pitching: RHP Bill Schneider
Now at 1B: Tony Quintana
Now at 3B: Henry Potts
Now at SS: Nathan Clay
Batting: RHB Dave Henderson 0-0: Called Strike
0-1: Ball
1-1: Fly out, F6 (Popup, 6MD)
Pitching: LHP Katai Ichikawa
Batting: LHB Edwin Church 0-0: Called Strike
0-1: Foul Ball, location: 2F
0-2: Ball
1-2: Foul Ball, location: 2F
1-2: Ground out 4-3 (Groundball, 4)
Pitching: RHP Lanny Larson
Batting: SHB Eugene Parrish 0-0: Ball
1-0: Foul Ball, location: 2F
1-1: Ball
2-1: SINGLE (Line Drive, 4MD)
Pinch Hitting: RHB Chandler Bailey 0-0: Ball
1-0: Swinging Strike
1-1: Foul Ball, location: 2F
1-2: Strikes out swinging
Bottom of the 8th over - 0 run(s), 1 hit(s), 0 error(s), 1 left on base; Lone Star 4 - Oakland 3
TOP OF THE 9TH
Lone Star BC batting - Pitching for Oakland Oaks : LHP Jared Cox
Pitching: RHP Robert Anderson
Batting: RHB Nathan Clay 0-0: Ball
1-0: Ball
2-0: Ball
3-0: Called Strike
3-1: Base on Balls
Pinch Hitting: LHB Jeff Sharp 0-0: Foul Ball, location: 2F
0-1: Ball
1-1: Ball
Pickoff Throw by Catcher to First - Error! E2
Nathan Clay to second
2-1: SINGLE (Line Drive, 8RS)
Nathan Clay to third
Batting: LHB Ray Merrill 0-0: SINGLE (Groundball, 34S)
Nathan Clay scores
Jeff Sharp to second
Runner from 2nd tries for 3rd, SAFE, no throw or cutoff
Batting: RHB Tony Quintana 0-0: Ball
1-0: Ball
2-0: Ground out 6-3 (Groundball, 6)
Ray Merrill to second
Batting: RHB Lanny Larson 0-0: Ball
1-0: Ball
2-0: Foul Ball, location: 2F
2-1: Ball
3-1: Called Strike
3-2: Foul Ball, location: 2F
3-2: Base on Balls
Batting: RHB Vicente Toro 0-0: Called Strike
0-1: Foul Ball, location: 2F
0-2: Ball
1-2: Strikes out swinging
Batting: SHB Virgil Eberle 0-0: Foul Ball, location: 2F
0-1: Foul Ball, location: 2F
0-2: Ball
1-2: Strikes out swinging
Top of the 9th over - 1 run(s), 2 hit(s), 1 error(s), 3 left on base; Lone Star 5 - Oakland 3
BOTTOM OF THE 9TH
Oakland Oaks batting - Pitching for Lone Star BC : RHP Lanny Larson
Now at 3B: Jake Hutchinson
Batting: RHB Eric Murti 0-0: Ball
1-0: Ball
2-0: Fly out, F8 (Line Drive, 8RXD)
Batting: SHB Ramiro Salazar 0-0: Foul Ball, location: 2F
0-1: Ball
1-1: Called Strike
1-2: Strikes out swinging
Batting: LHB Félix Pérez 0-0: Ball
1-0: Foul Ball, location: 2F
1-1: Ball
2-1: Swinging Strike
2-2: Strikes out swinging
Bottom of the 9th over - 0 run(s), 0 hit(s), 0 error(s), 0 left on base; Lone Star 5 - Oakland 3
This league is powered by Out of the Park Baseball, the baseball management simulation game for PC, Mac and Linux
Saturday, July 25th, 2015 - OOTP Baseball 15.6 Build 34